 Dungeon Crawl Stone Soup version 0.21.1-1-g345015f (webtiles) character file.

172 diana the Slasher (level 5, -1/32 HPs)
             Began as a Tengu Gladiator on June 9, 2018.
             Killed from afar by an orc wizard (7 damage)
             ... with a puff of frost
             ... on level 3 of the Dungeon.
             The game lasted 00:02:38 (1530 turns).

diana the Slasher (Tengu Gladiator)                 Turns: 1530, Time: 00:02:39

Health: -1/32      AC:  3    Str: 13 (15) XL:     5   Next: 52%
Magic:  6/6        EV: 16    Int:  7 (8)  God:
Gold:   68         SH:  0    Dex: 13 (16) Spells: 4/4 levels left

rFire    . . .     SeeInvis .   a - +0 long sword
rCold    . . .     Gourm    .   (no shield)
rNeg     . . .     Faith    .   b - +0 leather armour
rPois    .         Spirit   .   c - +0 hat
rElec    .         Reflect  .   (no cloak)
rCorr    .         Harm     .   (no gloves)
MR       .....                  (boots unavailable)
Stlth    +.........             (no amulet)
HPRegen  0.10/turn              (no ring)
MPRegen  0.10/turn              (no ring)

@: flying quickly and evasively, quick
A: beak, talons 3, able to fly 1
a: no special abilities


You were on level 3 of the Dungeon.
You were not hungry.

You visited 1 branch of the dungeon, and saw 3 of its levels.

You collected 68 gold pieces.

Inventory:

Hand Weapons
 a - a +0 long sword (weapon)
Missiles
 d - 3 throwing nets (quivered)
Armour
 b - a +0 leather armour (worn)
 c - a +0 hat (worn)
Wands
 m - a wand of flame (31)
Scrolls
 e - a scroll of teleportation {unknown}
 g - 5 scrolls of identify {unknown}
 h - a scroll of random uselessness {unknown}
 i - a scroll of amnesia {unknown}
 k - a scroll of enchant weapon {unknown}
Potions
 j - 2 potions of degeneration
 l - a potion of flight
Comestibles
 f - 4 rations


   Skills:
 + Level 3.0 Fighting
 * Level 4.9 Long Blades
 - Level 2.0 Throwing
 * Level 4.9 Dodging


You had 4 spell levels left.
You didn't know any spells.

Dungeon Overview and Level Annotations

Branches:
Dungeon (3/15)

Altars:
Xom


Innate Abilities, Weirdness & Mutations

You have a beak for a mouth.
You have claws for feet.
You can fly.


Message History

You swoop lightly up into the air.
The orc wizard hits you but does no damage.
The orc barely misses you.
You hit the orc wizard. Your kick misses the orc wizard.
The orc wizard is moderately wounded.
The orc wizard misses you.
You riposte.
You closely miss the orc wizard. You peck the orc wizard.
The orc wizard is moderately wounded.
The orc hits you but does no damage. The orc wizard hits you with a dagger.
* * * LOW HITPOINT WARNING * * *
You hit the orc wizard but do no damage.
You claw the orc wizard.
The orc wizard is heavily wounded.
The orc wizard completely misses you.
You riposte.
You closely miss the orc wizard. You claw the orc wizard.
The orc wizard is heavily wounded.
The orc hits you but does no damage.
The orc wizard points at you and mumbles some strange words.
The puff of frost hits you!
You die...

#. #.# #.. #. # #..# #.
##.#... #.# ##....#.
#.#####...#...
########.......#.#.(.
#...@oo..............
#....####o##..##.......#
###. ##.##.....#..###
....#......##....####
#.....##...........
....o.##.#####.##.###.
...o.# #.......##.# #.
..o.o #####.####.# #.
..o. #.####.# #.


You could see 2 orc wizards and an orc.

Vanquished Creatures
  A worker ant (D:2)
  An orc wizard (D:3)
  4 gnolls (D:2)
  A shadow imp (D:3)
  3 worms (D:2)
  2 dart slugs
  A leopard gecko (D:1)
  3 orcs (D:3)
  6 bats
  2 giant cockroaches
  6 hobgoblins
  9 jackals
  A quokka (D:3)
  3 frilled lizards
  8 goblins
  5 kobolds
  6 rats
62 creatures vanquished.

Notes
Turn   | Place    | Note
-------+----------+-------------------------------------------
     0 | D:1      | diana the Tengu Gladiator began the quest for the Orb.
     0 | D:1      | Reached XP level 1. HP: 12/12 MP: 2/2
   116 | D:1      | Reached XP level 2. HP: 16/17 MP: 3/3
   410 | D:2      | Reached XP level 3. HP: 9/22 MP: 4/4
   419 | D:2      | Reached XP level 4. HP: 12/27 MP: 5/5
  1217 | D:2      | Gained mutation: You can fly. [Tengu growth]
  1217 | D:2      | Reached XP level 5. HP: 32/32 MP: 6/6
  1311 | D:3      | Found a shimmering altar of Xom.
  1530 | D:3      | Killed from afar by an orc wizard

Skill      XL: |  1  2  3  4  5 |
---------------+----------------+-----
Long Blades    | 4 |  4.9
Dodging        | 4 |  4.9
Fighting       | 3 |  3.0
Throwing       | |  2.0

Action                   |  1- 3 |  4- 6 || total
-------------------------+-------+-------++-------
Melee: Long sword        |    44 |    82 ||   126
       Kick              |    14 |    26 ||    40
       Peck              |     8 |    14 ||    22
  Use: Potion            |       |     2 ||     2
 Stab: Sleeping          |     1 |     2 ||     3
  Eat: Chunk             |       |     2 ||     2
Armor: Leather armour    |    11 |    15 ||    26
Dodge: Dodged            |    32 |    70 ||   102
       Rpst.: Long sword |     9 |    20 ||    29
